 Dungeon Crawl Stone Soup version 0.30-a0-424-g7412bad402 (webtiles) character file.

Game seed: 17571986983828912567

74 AigisTheKnight the Sneak (level 4, -1/36 HPs)
             Began as a Naga Fire Elementalist on Dec 10, 2022.
             Slain by a black bear (3 damage)
             ... on level 3 of the Dungeon.
             The game lasted 00:07:03 (2434 turns).

AigisTheKnight the Sneak (Naga Fire Elementalist)   Turns: 2434, Time: 00:07:04

Health: -1/36      AC:  2    Str: 10    XL:     4   Next: 28%
Magic:  7/7        EV: 10    Int: 18    God:
Gold:   88         SH:  0    Dex: 11    Spells: 6/7 levels left

rFire   . . .      SeeInvis +    e - +0 whip
rCold   . . .      Faith    .    (no shield)
rNeg    . . .      Spirit   .    a - +0 robe
rPois   +          Reflect  .    (no helmet)
rElec   .          Harm     .    (no cloak)
rCorr   .          Rampage  .    (no gloves)
Will    .....                    (no barding)
Stlth   ++........               (no amulet)
HPRegen 0.26/turn                (no ring)
MPRegen 0.10/turn                (no ring)

@: very slow
A: AC +1, large, see invisible, deformed body, poison resistance, slowness 2,
spit poison 1, naga tail 1
a: Spit Poison


You were on level 3 of the Dungeon.
You visited 1 branch of the dungeon, and saw 3 of its levels.

You collected 88 gold pieces.

Inventory:

Hand Weapons
 e - a +0 whip (weapon)
Armour
 a - a +0 robe (worn)
Jewellery
 j - an amulet of guardian spirit
Scrolls
 c - 2 scrolls of teleportation {unknown}
 f - 2 scrolls of immolation {unknown}
 h - a scroll of noise {unknown}
 i - a scroll of magic mapping {unknown}
 m - a scroll of silence {unknown}
 o - a scroll of poison {unknown}
Potions
 b - 2 potions of magic
 d - a potion of resistance {unknown}
 g - 3 potions of haste {unknown}
 k - 2 potions of cancellation {unknown}
 l - 2 potions of degeneration {unknown}
 n - a potion of heal wounds {unknown}


   Skills:
 + Level 0.2 Fighting
 + Level 0.4 Armour
 - Level 2.0 Dodging
 + Level 4.1 Stealth
 + Level 2.4 Spellcasting
 + Level 1.8 Conjurations
 + Level 3.4 Fire Magic


You had 6 spell levels left.
You knew the following spells:

 Your Spells              Type           Power      Damage    Failure   Level
a - Foxfire               Conj/Fire      44%        2x1d6     6%          1

Your spell library contained the following spells:

 Spells                   Type           Power      Damage    Failure   Level
 Scorch                   Fire           28%        2d6       6%          2
 Summon Small Mammal      Summ           8%         N/A       17%         1
 Inner Flame              Hex/Fire       8%         N/A       26%         3
 Kindle Blastsparks       Fire/Tloc/Air  12%        2d11      32%         3
 Call Canine Familiar     Summ           2%         N/A       45%         3
 Summon Guardian Golem    Hex/Summ       2%         N/A       45%         3
 Flame Wave               Conj/Fire      11%        2d6       50%         4


Dungeon Overview and Level Annotations

Branches:
Dungeon (3/15)

Altars:


Innate Abilities, Weirdness & Mutations

Your serpentine skin is tough. (AC +1)
You have supernaturally acute eyesight. (SInv)
Armour fits poorly on your strangely shaped body.
Your system is resistant to poisons. (rPois)
You cover ground very slowly.
You can spit poison.
You have a snake-like lower body.


Message History

There are monsters nearby!
The black bear bites you. The black bear claws you.
The black bear completely misses you.
Unknown command.
Casting: Foxfire (safe; 6% risk of failure)
Confirm with . or Enter, or press ? or * to list all spells.
You conjure some foxfire!
The adder hisses angrily.
The black bear bites you.
The black bear claws you but does no damage.
The black bear claws you.
Your foxfire dissipates!
Unknown command.
The black bear bites you.
The black bear claws you but does no damage.
The black bear claws you.
The black bear attacks as you move away!
The black bear completely misses you. The black bear misses you.
The black bear closely misses you.
The black bear attacks as you move away!
The black bear bites you. The black bear claws you. x2
The black bear barely misses you. The black bear closely misses you.
The black bear claws you.
* * * LOW HITPOINT WARNING * * *
You start putting on your amulet.
You continue putting on your amulet of guardian spirit.
The black bear closely misses you. The black bear claws you.
Keep equipping yourself? [Y]es or [N]o only, please.
Keep equipping yourself? [Y]es or [N]o only, please.
Keep equipping yourself?
You stop putting on your amulet.
* * * LOW HITPOINT WARNING * * *
The black bear claws you but does no damage.
The black bear bites you!
* * * LOW HITPOINT WARNING * * *
The black bear barely misses you. The black bear closely misses you.
The black bear bites you.
You die...

## #[ #. #. #.
.#################.#######.
............@.....#......$.
........####h#####.####....
#.#####.###.S.####.# #
#..................#
###########...###### ##.##
#.# #.# #.#


You could see a black bear and an adder.

Vanquished Creatures
  An adder (D:2)
  A worm (D:2)
  2 dart slugs
  An endoplasm (D:3)
  A giant cockroach (D:1)
  9 hobgoblins
  8 jackals (D:1)
  5 kobolds
  A quokka (D:2)
  8 ball pythons
  3 bats
  2 frilled lizards
  5 goblins
  5 rats
52 creatures vanquished.

Vanquished Creatures (others)
  150 foxfires
150 creatures vanquished.

Grand Total: 202 creatures vanquished

Notes
Turn   | Place    | Note
-------+----------+-------------------------------------------
     0 | D:1      | AigisTheKnight the Naga Fire Elementalist began the quest
                  | for the Orb.
     0 | D:1      | Reached XP level 1. HP: 15/15 MP: 3/3
   143 | D:1      | Reached XP level 2. HP: 3/22 MP: 1/5
   233 | D:1      | Found a faded altar of an unknown god.
   449 | D:1      | Reached XP level 3. HP: 14/28 MP: 0/6
  1573 | D:2      | Reached skill level 4 in Stealth
  1573 | D:2      | Reached XP level 4. HP: 19/36 MP: 1/7
  2422 | D:3      | Noticed a black bear
  2434 | D:3      | Slain by a black bear

Illustrated notes

Levels and vault maps discovered:
D:1:      lightli_iron_boxes, layout_rooms, basic_ecumenical_altar, minivault_27
D:2:      kennysheep_big_flooded_room, layout_basic
D:3:      layout_loops_ring, kennysheep_okawaru_gauntlet,
          pdpol_wu_jian_five_deadly_venoms, mainiacjoe_overflow_alcove_4,
          trog_hazing_becter, uniq_grinder

Skill      XL: |  1  2  3 |
---------------+----------+-----
Dodging        | 2 |  2.0
Stealth        | 4 |  4.1
Fighting       | |  0.2
Armour         | |  0.4
Spellcasting   | |  2.4
Conjurations   | |  1.8
Fire Magic     | |  3.4

Action                   |  1- 3 |  4- 6 || total
-------------------------+-------+-------++-------
Melee: Unarmed           |    17 |       ||    17
       Whip              |    44 |    18 ||    62
 Cast: Foxfire           |    81 |    32 ||   113
 Abil: Spit Poison       |     1 |       ||     1
Armor: Robe              |    13 |     5 ||    18
Dodge: Dodged            |    41 |    15 ||    56

Table legend: (Time is in decaauts)
 A = Elapsed time spent in this place.
 B = Non-inter-level travel time spent in this place.
 C = Inter-level travel time spent in this place.
 D = Time resting spent in this place.
 E = Time spent auto-exploring this place.
 F = Levels seen in this place.
 G = Mean time per level.
                   A        B        C        D        E       F      G
               +--------+--------+--------+--------+--------+-----+--------+
         Total |   2851 |   2821 |     30 |    537 |   1770 |   3 |  950.3 |
       Dungeon |   2851 |   2821 |     30 |    537 |   1770 |   3 |  950.3 |
               +--------+--------+--------+--------+--------+-----+--------+

Top non-repeatable levels by time:
     D:1: 1454 daAuts
     D:2: 1293 daAuts
     D:3: 103 daAuts
